[Event "ICC tourney 1953 (60 10)"]
[Site "Internet Chess Club"]
[Date "2020.08.09"]
[Round "8"]
[White "Dking135799"]
[Black "Redbaron"]
[Result "0-1"]
[ICCResult "White resigns"]
[WhiteElo "2193"]
[BlackElo "2320"]
[Opening "QGA: classical variation, 6.O-O"]
[ECO "D26"]
[NIC "QG.08"]
[Time "15:18:59"]
[TimeControl "3600+10"]

1. d4 Nf6 2. Nf3 d5 3. c4 dxc4 4. e3 e6 5. Bxc4 c5 6. O-O Nc6 7. Nc3 a6 8.
a4 cxd4 9. exd4 Be7 10. Bf4 Nb4 11. Re1 O-O 12. Ne5 b6 13. Qf3 Ra7 14. Rad1
Bb7 15. Qh3 Nfd5 16. Bc1 Bc8 17. Qg3 Bh4 18. Qf3 Rc7 19. Bb3 Bb7 20. Qh3 Bg5
21. Bxg5 Qxg5 22. Ne4 Qd8 23. Qg3 Nc2 24. Re2 Nxd4 25. Rxd4 Rc1+ 26. Bd1 Nf4
27. Nf6+ Qxf6 28. Re1 Nxg2 29. Rf1 g5 30. Rg4 Nf4 31. Nd7 Qd4 32. Rxg5+ Ng6
33. Nxf8 Rxd1 34. Qg4 Rxf1+ 35. Kxf1 Qd3+ 36. Qe2 Qxe2+ 37. Kxe2 Kxf8 38.
Rg3 Ne5 39. Rc3 Bd5 40. Rc8+ Kg7 41. Rb8 b5 42. a5 Nc4 43. b4 Ne5 44. Rb6
Nc6 45. Rxa6 Nxb4 46. Rb6 Nc6 47. Kd2 Nxa5 48. Rxb5 Nc4+ 49. Ke1 h5 50. Kf1
Kg6 51. Rb8 Ne5 52. Rg8+ Kf5 53. Kg1 Ng6 54. Rb8 f6 55. Rb5 Nf4 56. Ra5 h4
57. Ra3 e5 58. Ra5 Bf3 59. Ra3 e4 60. Ra6 Ng6 61. Rb6 Be2 62. Kg2 Nf4+ 63.
Kg1 h3 64. Rb8 Ng6 65. Rb3 Bf3 66. Rb6 Ne5 67. Ra6 Kg5 68. Ra8 f5 69. Rh8
Bg4 70. Rb8 Kf4 71. Rb3 Nd3 72. Rc3 Be2 73. Ra3 Kg4 74. Ra8 Kf3 75. Ra2 f4
76. Ra7 Nxf2 77. Ra3+ Nd3 78. Ra7 Ke3 79. Kh1 f3 80. Ra1 f2 81. Rf1 Kf4 82.
Rd1 Ne1 {White resigns} 0-1

[Event "ICC tourney 1953 (60 10)"]
[Site "Internet Chess Club"]
[Date "2020.08.09"]
[Round "9"]
[White "Ajitesh20091"]
[Black "MasterZachary"]
[Result "1/2-1/2"]
[ICCResult "Game drawn by mutual agreement"]
[WhiteElo "1882"]
[BlackElo "2289"]
[Opening "Ruy Lopez: modern Steinitz defense"]
[ECO "C71"]
[NIC "RL.10"]
[Time "18:35:49"]
[TimeControl "3600+10"]

1. e4 e5 2. Nf3 Nc6 3. Bb5 a6 4. Ba4 d6 5. d4 b5 6. Bb3 Nxd4 7. Nxd4 exd4 8.
Bd5 Rb8 9. Qxd4 c5 10. Bc6+ Bd7 11. Bxd7+ Qxd7 12. Qe3 Nf6 13. O-O Be7 14.
Nc3 O-O 15. Rd1 Qe6 16. Nd5 Bd8 17. a4 Re8 18. axb5 axb5 19. f3 Nxd5 20.
Rxd5 Bf6 21. c3 {Game drawn by mutual agreement} 1/2-1/2

[Event "ICC tourney 1953 (60 10)"]
[Site "Internet Chess Club"]
[Date "2020.08.09"]
[Round "9"]
[White "Redbaron"]
[Black "justinchess"]
[Result "1/2-1/2"]
[ICCResult "Game drawn by repetition"]
[WhiteElo "2315"]
[BlackElo "2387"]
[Opening "Catalan: closed, 5.Nf3"]
[ECO "E06"]
[NIC "CA.05"]
[Time "18:35:49"]
[TimeControl "3600+10"]

1. d4 Nf6 2. c4 e6 3. g3 d5 4. Bg2 Be7 5. Nf3 O-O 6. O-O dxc4 7. Qc2 a6 8.
a4 Bd7 9. Rd1 Bc6 10. Qxc4 Bd5 11. Qc2 Be4 12. Qb3 Bd5 13. Qd3 Be4 14. Qb3
Bd5 15. Qd3 Be4 16. Qb3 Bd5 {Game drawn by repetition} 1/2-1/2

[Event "ICC tourney 1953 (60 10)"]
[Site "Internet Chess Club"]
[Date "2020.08.09"]
[Round "9"]
[White "SAO"]
[Black "vyomvidy"]
[Result "1-0"]
[ICCResult "Black resigns"]
[WhiteElo "2592"]
[BlackElo "2243"]
[Opening "QGD Slav defense: exchange variation"]
[ECO "D10"]
[NIC "SL.01"]
[Time "18:35:58"]
[TimeControl "3600+10"]

1. d4 d5 2. c4 c6 3. cxd5 cxd5 4. Nc3 Nf6 5. Bf4 Nc6 6. e3 a6 7. Rc1 e6 8.
Bd3 h6 9. Nf3 Bd6 10. Bg3 O-O 11. Ne5 Bxe5 12. dxe5 Nd7 13. f4 f6 14. exf6
Nxf6 15. O-O Qe7 16. e4 d4 17. Na4 Nd7 18. e5 Rd8 19. Qg4 Qb4 20. Qxe6+ Kh8
21. Qb3 Qxb3 22. axb3 g5 23. e6 gxf4 24. exd7 fxg3 25. dxc8=Q gxh2+ 26. Kxh2
Raxc8 27. Nc5 Ne5 28. Bf5 Rc7 29. Ne6 Rxc1 30. Rxc1 Rg8 31. Nxd4 {Black
resigns} 1-0

[Event "ICC tourney 1953 (60 10)"]
[Site "Internet Chess Club"]
[Date "2020.08.09"]
[Round "9"]
[White "erickzhao"]
[Black "woodychess"]
[Result "1-0"]
[ICCResult "Black checkmated"]
[WhiteElo "2283"]
[BlackElo "2189"]
[Opening "Sicilian: Najdorf, Adams attack"]
[ECO "B90"]
[NIC "SI.14"]
[Time "18:35:47"]
[TimeControl "3600+10"]

1. e4 c5 2. Nf3 d6 3. d4 cxd4 4. Nxd4 Nf6 5. Nc3 a6 6. h3 e5 7. Nde2 h5 8.
g3 b5 9. Bg2 Bb7 10. O-O b4 11. Nd5 Nxd5 12. exd5 g6 13. c3 bxc3 14. Nxc3
Bg7 15. Qb3 Qd7 16. Ne4 O-O 17. Nxd6 Qxd6 18. Qxb7 Nd7 19. Be3 f5 20. Rac1
e4 21. Rc7 Rfd8 22. Bc5 Qxc5 23. Rxc5 Nxc5 24. Qc6 Rac8 25. Qxg6 Rxd5 26. b4
Re5 27. bxc5 Rcxc5 28. Rd1 Rc8 29. Rd7 Rc1+ 30. Kh2 Re7 31. Rxe7 Rh1+ 32.
Bxh1 e3 33. Qxg7# {Black checkmated} 1-0

[Event "ICC tourney 1953 (60 10)"]
[Site "Internet Chess Club"]
[Date "2020.08.09"]
[Round "9"]
[White "helavir"]
[Black "Terry1234"]
[Result "1-0"]
[ICCResult "Black resigns"]
[WhiteElo "2644"]
[BlackElo "2226"]
[Opening "Sicilian: Canal-Sokolsky attack, 3...Bd7"]
[ECO "B52"]
[NIC "SI.01"]
[Time "18:36:28"]
[TimeControl "3600+10"]

1. e4 c5 2. Nf3 d6 3. Bb5+ Bd7 4. c4 Nf6 5. Nc3 a6 6. Bxd7+ Qxd7 7. d4 cxd4
8. Nxd4 Nc6 9. O-O g6 10. Nd5 Nxd5 11. exd5 Ne5 12. b3 Bg7 13. h3 Qd8 14.
Re1 O-O 15. Bg5 h6 16. Be3 Nd7 17. Qd2 Kh7 18. Rad1 Nf6 19. f4 Qd7 20. Qd3
Rae8 21. Bf2 e5 22. dxe6 fxe6 23. Nf3 Nh5 24. Qxd6 Qxd6 25. Rxd6 Nxf4 26.
Rd7 Kg8 27. Rxb7 Nxh3+ 28. gxh3 Rxf3 29. Kg2 Rc3 30. Rxg7+ {Black resigns}
1-0

[Event "ICC tourney 1953 (60 10)"]
[Site "Internet Chess Club"]
[Date "2020.08.09"]
[Round "9"]
[White "Jupiter435"]
[Black "AZTAC"]
[Result "1-0"]
[ICCResult "Black resigns"]
[WhiteElo "2405"]
[BlackElo "2186"]
[Opening "King's Indian: Petrosian system, Stein variation"]
[ECO "E92"]
[NIC "KI.17"]
[Time "18:35:51"]
[TimeControl "3600+10"]

1. Nf3 Nf6 2. c4 g6 3. Nc3 Bg7 4. d4 d6 5. e4 O-O 6. Be2 e5 7. d5 a5 8. Bg5
h6 9. Be3 Ng4 10. Bd2 f5 11. h3 Nf6 12. exf5 gxf5 13. Qc1 f4 14. g3 e4 15.
Nh4 e3 16. fxe3 fxg3 17. Ng6 Re8 18. Qc2 Ne4 19. Nxe4 Bf5 20. Bd3 Bxg6 21.
O-O-O Bh5 22. Rdg1 Bf3 23. Nxg3 Bxh1 24. Nf5 Re7 25. Bc3 Qf8 26. Nxe7+ Qxe7
27. Rxg7+ Qxg7 28. Bxg7 Kxg7 29. Qh2 {Black resigns} 1-0

[Event "ICC tourney 1953 (60 10)"]
[Site "Internet Chess Club"]
[Date "2020.08.09"]
[Round "9"]
[White "CaptK"]
[Black "PappusChain923"]
[Result "1-0"]
[ICCResult "Black resigns"]
[WhiteElo "2312"]
[BlackElo "2171"]
[Opening "King's Indian: fianchetto, Kavalek (Bronstein) variation"]
[ECO "E62"]
[NIC "KI.74"]
[Time "18:35:46"]
[TimeControl "3600+10"]

1. d4 Nf6 2. c4 g6 3. g3 Bg7 4. Bg2 O-O 5. Nc3 d6 6. Nf3 c6 7. O-O Qa5 8. e4
Bg4 9. h3 Bxf3 10. Bxf3 Nbd7 11. Be3 e5 12. d5 cxd5 13. cxd5 Rfc8 14. a3 a6
15. Qd2 Qd8 16. Rfc1 Nc5 17. Qd1 b5 18. b4 Ncd7 19. a4 Rab8 20. axb5 axb5
21. Be2 Nb6 22. Bxb5 Nc4 23. Bg5 Qb6 24. Ba6 Rc7 25. Qe2 Qxb4 26. Ra4 Qb6
27. Rxc4 Rxc4 28. Qxc4 Qd4 29. Qxd4 exd4 30. Bxf6 Bxf6 31. Ne2 Rb3 32. Rd1
Ra3 33. Bd3 h5 34. f4 g5 35. Kg2 h4 36. fxg5 Bxg5 37. Nxd4 hxg3 38. Kxg3 Bf6
39. Nf5 Be5+ 40. Kf3 Kh7 41. h4 Ra2 42. Bb5 Rh2 43. Be8 Kg6 44. Rg1+ Kf6 45.
Rg7 Rh3+ 46. Kg4 Rg3+ 47. Nxg3 Kxg7 48. Nf5+ Kf6 49. Ba4 Bh2 50. h5 Bf4 51.
h6 Bxh6 52. Nxh6 Ke5 53. Kf3 f6 54. Nf7+ Kd4 55. Nxd6 {Black resigns} 1-0

[Event "ICC tourney 1953 (60 10)"]
[Site "Internet Chess Club"]
[Date "2020.08.09"]
[Round "9"]
[White "fastturle"]
[Black "Dking135799"]
[Result "0-1"]
[ICCResult "White resigns"]
[WhiteElo "2150"]
[BlackElo "2246"]
[Opening "Queen's pawn: London system"]
[ECO "A45"]
[NIC "QP.07"]
[Time "18:35:36"]
[TimeControl "3600+10"]

1. d4 Nf6 2. Bf4 e6 3. e3 d5 4. Nd2 Bd6 5. Bg3 c5 6. c3 O-O 7. Ngf3 b6 8.
Bd3 Bb7 9. Qe2 Nc6 10. e4 Be7 11. e5 Nh5 12. O-O cxd4 13. cxd4 Nb4 14. Ne1
Nxd3 15. Nxd3 Ba6 16. Qxh5 Bxd3 17. Rfc1 Rc8 18. Qf3 Bc2 19. Qe2 Qd7 20. Nf1
Bg6 21. Bf4 Qa4 22. Qd2 Rxc1 23. Rxc1 Bb4 24. Qd1 Qxa2 25. Ra1 Qxb2 26. Rxa7
Bc3 27. Be3 b5 28. Bc1 Qb1 {White resigns} 0-1

[Event "ICC tourney 1953 (60 10)"]
[Site "Internet Chess Club"]
[Date "2020.08.09"]
[Round "9"]
[White "Kalmyk"]
[Black "olomi007"]
[Result "1-0"]
[ICCResult "Black resigns"]
[WhiteElo "2739"]
[BlackElo "2634"]
[Opening "Sicilian defense"]
[ECO "B40"]
[NIC "SI.43"]
[Time "18:36:28"]
[TimeControl "3600+10"]

1. e4 c5 2. Nf3 e6 3. d3 Nc6 4. g3 d5 5. Qe2 Nge7 6. Bg2 g6 7. h4 h6 8. O-O
Bg7 9. c3 b6 10. a4 Ba6 11. e5 Qc7 12. Re1 g5 13. hxg5 hxg5 14. Bxg5 Ng6 15.
Na3 Ncxe5 16. Nb5 Qd7 17. Nxe5 Bxe5 18. Qf3 f6 19. Rxe5 fxe5 20. Qf6 Rg8 21.
Nc7+ Qxc7 22. Qxe6+ Kf8 23. Bxd5 Kg7 24. Bf6+ Kh7 25. Qh3+ {Black resigns}
1-0

[Event "ICC tourney 1953 (60 10)"]
[Site "Internet Chess Club"]
[Date "2020.08.09"]
[Round "9"]
[White "frisco"]
[Black "milindm"]
[Result "1/2-1/2"]
[ICCResult "Game drawn by mutual agreement"]
[WhiteElo "2468"]
[BlackElo "2216"]
[Opening "Queen's pawn game, Darooha variation "]
[ECO "D02"]
[NIC "QP.08"]
[Time "18:35:36"]
[TimeControl "3600+10"]

1. d4 d5 2. Nf3 Nf6 3. c4 e6 4. g3 Bb4+ 5. Bd2 Be7 6. Bg2 O-O 7. O-O c6 8.
Qc2 Nbd7 9. Bf4 b6 10. Nc3 Bb7 11. Rad1 dxc4 12. Nd2 Nd5 13. Nxc4 Nxf4 14.
gxf4 Qc7 15. e3 Rac8 16. Rd2 Rfd8 17. Rfd1 Nf6 18. Ne5 c5 19. d5 Nxd5 20.
Nxd5 Bxd5 21. Bxd5 Rxd5 22. Rxd5 exd5 23. Rxd5 Rd8 24. Rxd8+ Bxd8 25. Qe4 g6
26. Qd5 Bf6 27. Nd7 Kg7 28. b3 Bb2 {Game drawn by mutual agreement} 1/2-1/2

[Event "ICC tourney 1953 (60 10)"]
[Site "Internet Chess Club"]
[Date "2020.08.09"]
[Round "9"]
[White "ASharikov"]
[Black "sathviks"]
[Result "1/2-1/2"]
[ICCResult "Game drawn by mutual agreement"]
[WhiteElo "2194"]
[BlackElo "2200"]
[Opening "Pirc defense"]
[ECO "B07"]
[NIC "PU.07"]
[Time "18:36:28"]
[TimeControl "3600+10"]

1. d4 Nf6 2. Nc3 g6 3. e4 d6 4. Bf4 Bg7 5. Qd2 O-O 6. O-O-O a6 7. Bh6 b5 8.
f3 Nc6 9. h4 e5 10. d5 Ne7 11. g4 b4 12. Nce2 a5 13. Ng3 Bxh6 14. Qxh6 Kh8
15. h5 Neg8 16. Qe3 a4 17. Kb1 Bd7 18. Rd2 h6 19. hxg6 fxg6 20. g5 Nh7 21.
gxh6 Qf6 22. Rf2 Qg5 23. Qxg5 Nxg5 {Game drawn by mutual agreement} 1/2-1/2

[Event "ICC tourney 1953 (60 10)"]
[Site "Internet Chess Club"]
[Date "2020.08.09"]
[Round "9"]
[White "JosephLevine"]
[Black "tacticsalk"]
[Result "0-1"]
[ICCResult "White checkmated"]
[WhiteElo "2169"]
[BlackElo "2325"]
[Opening "Giuoco Piano"]
[ECO "C54"]
[NIC "IG.02"]
[Time "18:35:44"]
[TimeControl "3600+10"]

1. e4 e5 2. Nf3 Nc6 3. Bc4 Bc5 4. c3 Nf6 5. d3 d6 6. h3 a6 7. Bb3 O-O 8. Bg5
Re8 9. Nbd2 Be6 10. Bc2 h6 11. Bh4 g5 12. Nxg5 hxg5 13. Bxg5 d5 14. Qf3 Be7
15. Qg3 Nh5 16. Bxe7+ Nxg3 17. Bxd8 Nxh1 18. Bxc7 f5 19. Ke2 Rac8 20. Bd6
Nd4+ 21. cxd4 Rxc2 22. Rxh1 exd4 23. e5 Rxb2 24. Rb1 Rxb1 25. Nxb1 Rc8 26.
Kd2 Bd7 27. Na3 Ba4 28. e6 Rc6 29. Be5 Rc3 30. Bd6 a5 31. e7 Kf7 32. Ke2 b5
33. Kf3 b4 34. Nb1 Rxd3+ 35. Kf4 Rd1 36. h4 Rxb1 37. h5 Rh1 38. Kg5 d3 39.
Bf4 Kxe7 40. Kg6 Be8+ 41. Kg7 Rxh5 42. f3 a4 43. g4 fxg4 44. fxg4 Rh4 45. g5
Rxf4 46. g6 d2 47. a3 d1=Q 48. axb4 Qd4+ 49. Kg8 Rf8+ 50. Kh7 Qh8#
{White checkmated}
0-1

[Event "ICC tourney 1953 (60 10)"]
[Site "Internet Chess Club"]
[Date "2020.08.09"]
[Round "9"]
[White "zuz1209"]
[Black "spriteball"]
[Result "1-0"]
[ICCResult "Black resigns"]
[WhiteElo "2201"]
[BlackElo "2226"]
[Opening "Scotch: Potter variation"]
[ECO "C45"]
[NIC "SO.05"]
[Time "18:35:45"]
[TimeControl "3600+10"]

1. e4 e5 2. Nf3 Nc6 3. d4 exd4 4. Nxd4 Bc5 5. Nb3 Bb6 6. Nc3 Nf6 7. Qe2 O-O
8. Bg5 Nd4 9. Qd3 Nxb3 10. axb3 Bxf2+ 11. Ke2 Bb6 12. Nd5 Nxd5 13. Qxd5 Qe8
14. Kd2 c6 15. Qd6 Qxe4 16. Re1 Qd4+ 17. Qxd4 Bxd4 18. c3 Bb6 19. Be7 Re8
20. Bd6 Re6 21. Rxe6 dxe6 22. Bd3 Bd7 23. Rf1 f6 24. Kc2 Be8 25. Re1 e5 26.
c4 Bd4 27. c5 Bf7 28. b4 a5 29. Ra1 a4 30. Kc1 Bb3 31. Ra3 Kf7 32. Bc2 Ke6
33. Bxb3+ Kf5 34. Bc2+ Ke6 35. Rxa4 Rxa4 36. Bxa4 e4 37. b5 cxb5 38. Bxb5
Kd5 39. Bd7 g6 40. Bf8 Bxc5 41. Bxc5 Kxc5 42. Kd2 Kd4 43. Be6 h6 44. Bf7 g5
45. g4 e3+ 46. Ke2 Ke4 47. Be6 b6 48. Bd7 Kf4 49. Bc8 Ke4 50. Bb7+ Kd4 51.
Bf3 b5 52. b3 b4 53. Bb7 Kc3 54. Kxe3 Kxb3 55. Ke4 Kc3 56. Kf5 Kd4 57. Kxf6
b3 58. Bc8 Ke4 59. Kg6 Kf4 60. Bf5 b2 61. h3 Kg3 62. Kxh6 Kh4 63. Kg6 Kxh3
64. Kxg5 Kg3 65. Bb1 {Black resigns} 1-0

[Event "ICC tourney 1953 (60 10)"]
[Site "Internet Chess Club"]
[Date "2020.08.09"]
[Round "9"]
[White "GGuseinov"]
[Black "superind"]
[Result "1/2-1/2"]
[ICCResult "Game drawn by mutual agreement"]
[WhiteElo "2708"]
[BlackElo "2558"]
[Opening "Sicilian: closed, 2...Nc6"]
[ECO "B23"]
[NIC "SI.44"]
[Time "18:36:02"]
[TimeControl "3600+10"]

1. e4 c5 2. Nc3 Nc6 3. Nf3 e5 4. Bc4 Be7 5. d3 d6 6. O-O Nf6 7. Ng5 O-O 8.
f4 Bg4 9. Qe1 h6 10. Nf3 Bxf3 11. Rxf3 Nd4 12. Rh3 Nxc2 13. Qg3 Kh7 14. Rb1
Nd4 15. fxe5 dxe5 16. Qxe5 Qd6 17. Bf4 Qxe5 18. Bxe5 Rad8 19. Rf1 Ng4 20.
Bf4 f5 {Game drawn by mutual agreement} 1/2-1/2

[Event "ICC tourney 1953 (60 10)"]
[Site "Internet Chess Club"]
[Date "2020.08.09"]
[Round "9"]
[White "Mookmookarmy"]
[Black "jsl1996"]
[Result "0-1"]
[ICCResult "White resigns"]
[WhiteElo "2238"]
[BlackElo "2620"]
[Opening "Sicilian: Najdorf, 7.f4"]
[ECO "B96"]
[NIC "SI.06"]
[Time "18:35:43"]
[TimeControl "3600+10"]

1. e4 c5 2. Nf3 d6 3. d4 cxd4 4. Nxd4 Nf6 5. Nc3 a6 6. Bg5 e6 7. f4 Nbd7 8.
Qf3 Qc7 9. O-O-O b5 10. a3 Rb8 11. Bd3 b4 12. axb4 Rxb4 13. Nb3 Be7 14. Rhe1
Bb7 15. Qg3 h6 16. Qh3 Bc6 17. g4 a5 18. Bxf6 gxf6 19. Bf1 Qb6 20. Qe3 Nc5
21. Nxc5 dxc5 22. Nd5 exd5 23. exd5 O-O 24. Qxe7 Rxb2 25. Qe4 Re8 26. Qc4
Rxe1 27. Rxe1 Bxd5 28. Qc3 Rb1+ 29. Kd2 Rxe1 30. Kxe1 a4 31. Bc4 Bxc4 32.
Qxc4 a3 33. Kd2 Qa5+ 34. Qc3 Qxc3+ 35. Kxc3 c4 36. h3 f5 37. g5 hxg5 38.
fxg5 f4 {White resigns} 0-1

[Event "ICC tourney 1953 (60 10)"]
[Site "Internet Chess Club"]
[Date "2020.08.09"]
[Round "9"]
[White "Aryangambit"]
[Black "Rafael"]
[Result "1-0"]
[ICCResult "Black checkmated"]
[WhiteElo "2101"]
[BlackElo "2179"]
[Opening "Sicilian: Najdorf, 7...Be7 main line"]
[ECO "B99"]
[NIC "SI.09"]
[Time "18:35:33"]
[TimeControl "3600+10"]

1. e4 c5 2. Nf3 d6 3. d4 cxd4 4. Nxd4 Nf6 5. Nc3 a6 6. Bg5 e6 7. f4 Be7 8.
Qf3 Qc7 9. O-O-O Nbd7 10. Bd3 b5 11. Rhe1 Bb7 12. Qg3 O-O-O 13. Bxf6 gxf6
14. f5 e5 15. Nb3 Rhg8 16. Qh3 Rg7 17. g3 Bf8 18. Qf1 Nb6 19. Na5 Ba8 20. a3
d5 21. Bxb5 axb5 22. Qxb5 d4 23. Qa6+ Bb7 24. Qa7 Rd7 25. Nb5 Qc5 26. c4 Na8
27. b4 Qxa7 28. Nxa7+ Kb8 29. Nb5 Rg4 30. Nxb7 Kxb7 31. Kc2 Kb6 32. Kb3 Kc6
33. a4 h5 34. c5 h4 35. Rd3 hxg3 36. hxg3 Bh6 37. Rh1 Be3 38. Rh8 Rxe4 39.
Rxa8 Rg4 40. Ra6+ Kb7 41. c6+ Kxa6 42. cxd7 Rg8 43. Nc7+ Kb7 44. Ne8 e4 45.
d8=Q exd3 46. Nd6+ Kc6 47. Qxg8 Kxd6 48. Kc4 d2 49. Qd8+ Ke5 50. Qd5#
{Black checkmated}
1-0

[Event "ICC tourney 1953 (60 10)"]
[Site "Internet Chess Club"]
[Date "2020.08.09"]
[Round "9"]
[White "funplaychess"]
[Black "Bo002"]
[Result "1-0"]
[ICCResult "Black checkmated"]
[WhiteElo "2378"]
[BlackElo "2205"]
[Opening "Catalan: open, 5.Nf3"]
[ECO "E04"]
[NIC "CA.03"]
[Time "18:35:45"]
[TimeControl "3600+10"]

1. d4 Nf6 2. c4 e6 3. g3 d5 4. Nf3 dxc4 5. Bg2 Nc6 6. Qa4 Bb4+ 7. Bd2 Nd5 8.
Bxb4 Nxb4 9. O-O O-O 10. a3 Nd5 11. Qxc4 Qe7 12. Rc1 Rd8 13. e3 e5 14. Nxe5
Nxe5 15. dxe5 Qxe5 16. Nc3 Nxc3 17. Qxc3 Qxc3 18. Rxc3 c6 19. Kf1 Be6 20.
Ke2 Rd7 21. Rd1 Rad8 22. Rxd7 Rxd7 23. e4 Kf8 24. f4 f6 25. Bf3 g5 26. Ke3
Ke7 27. Rc5 gxf4+ 28. gxf4 Bf7 29. b4 Rd6 30. Bg4 Be6 31. Bf3 Bf7 32. Bg4
Kf8 33. Ra5 a6 34. Bc8 b5 35. Rxa6 Bc4 36. Bb7 Rd3+ 37. Kf2 Ke7 38. Bxc6
Rd2+ 39. Kg3 Bf1 40. Ra7+ Kd8 41. Rxh7 Rg2+ 42. Kf3 Rc2 43. Bd5 Bg2+ 44. Kg3
f5 45. Rh5 fxe4 46. Re5 Re2 47. f5 Bf3 48. f6 Rg2+ 49. Kf4 Rxh2 50. f7 Rh8
51. Bc6 Kc7 52. Re8 Rh4+ 53. Ke3 Kxc6 54. f8=Q Rh1 55. Qc5+ Kd7 56. Re7+ Kd8
57. Qc7# {Black checkmated} 1-0

[Event "ICC tourney 1953 (60 10)"]
[Site "Internet Chess Club"]
[Date "2020.08.09"]
[Round "9"]
[White "NyzhnykIllia"]
[Black "phoenix10q72"]
[Result "1-0"]
[ICCResult "Black resigns"]
[WhiteElo "2761"]
[BlackElo "2265"]
[Opening "Sicilian: Canal-Sokolsky (Nimzovich-Rossolimo, Moscow) attack"]
[ECO "B51"]
[NIC "SI.01"]
[Time "18:35:38"]
[TimeControl "3600+10"]

1. e4 c5 2. Nf3 d6 3. Bb5+ Nd7 4. d4 cxd4 5. Qxd4 a6 6. Bxd7+ Bxd7 7. c4 e5
8. Qd3 b5 9. Nc3 Rb8 10. O-O h6 11. Nd2 Nf6 12. a4 b4 13. Nd5 Nxd5 14. cxd5
a5 15. Nc4 Be7 16. f4 exf4 17. Bxf4 O-O 18. Qg3 Bh4 19. Qe3 Rc8 20. Nxd6 Rc2
21. Qd3 Qb6+ 22. Be3 Rxg2+ 23. Kxg2 Qxd6 24. Bf4 Qg6+ 25. Bg3 Bf6 26. Rf2
Re8 27. Re1 Bxa4 28. Kh1 Bd7 29. Qc4 Bh3 30. e5 Bd8 31. e6 fxe6 32. dxe6
Bxe6 33. Qc6 Bf7 34. Rxe8+ Bxe8 35. Qd5+ Kh7 36. Qxd8 Bc6+ 37. Kg1 Qb1+ 38.
Rf1 Qe4 39. Qd2 a4 40. Rf4 Qh1+ 41. Kf2 Qg2+ 42. Ke3 Qh1 43. Qe1 Qd5 44.
Qxb4 Qe5+ 45. Kd2 Qd5+ 46. Qd4 Qh1 47. Rf7 Qg2+ 48. Kc3 Kg6 49. Qxg7+
{Black resigns}
1-0

[Event "ICC tourney 1953 (60 10)"]
[Site "Internet Chess Club"]
[Date "2020.08.09"]
[Round "9"]
[White "MichaelIC"]
[Black "PawnGrubber21"]
[Result "1-0"]
[ICCResult "Black checkmated"]
[WhiteElo "2135"]
[BlackElo "1753"]
[Opening "Sicilian: Najdorf, Zagreb (fianchetto) variation"]
[ECO "B91"]
[NIC "SI.14"]
[Time "18:35:36"]
[TimeControl "3600+10"]

1. e4 c5 2. Nf3 d6 3. d4 cxd4 4. Nxd4 Nf6 5. Nc3 a6 6. g3 e6 7. Bg2 Nbd7 8.
O-O Be7 9. a4 O-O 10. h3 Ne5 11. f4 Nc6 12. Nxc6 bxc6 13. a5 d5 14. e5 Nd7
15. Be3 c5 16. Na4 Rb8 17. Kh2 Bb7 18. c4 Qxa5 19. Nxc5 Qc7 20. Nxb7 Rxb7
21. cxd5 exd5 22. Qxd5 Rxb2 23. Rxa6 Rd8 24. Ra7 Nb6 25. Bxb6 Qxb6 26. Rxe7
Rxg2+ 27. Kxg2 Rxd5 28. Re8# {Black checkmated} 1-0

[Event "ICC tourney 1953 (60 10)"]
[Site "Internet Chess Club"]
[Date "2020.08.09"]
[Round "9"]
[White "jy2020"]
[Black "tigeriz"]
[Result "0-1"]
[ICCResult "White resigns"]
[WhiteElo "2233"]
[BlackElo "2402"]
[Opening "Ruy Lopez: closed, Pilnik variation"]
[ECO "C77"]
[NIC "RL.12"]
[Time "18:35:44"]
[TimeControl "3600+10"]

1. e4 e5 2. Nf3 Nc6 3. Bb5 a6 4. Ba4 Nf6 5. d3 b5 6. Bb3 Be7 7. O-O d6 8. c3
O-O 9. Re1 Na5 10. Bc2 c5 11. Nbd2 Nc6 12. Nf1 h6 13. h3 Be6 14. d4 cxd4 15.
cxd4 exd4 16. Nxd4 Nxd4 17. Qxd4 Rc8 18. Bb3 d5 19. Ng3 dxe4 20. Qxd8 Rfxd8
21. Bxe6 fxe6 22. Bf4 Rc2 23. Re2 Rxe2 24. Nxe2 Rc8 25. Rc1 Rxc1+ 26. Bxc1
g5 27. Kf1 e5 28. Ng3 Kf7 29. Nf5 Bf8 30. h4 Ke6 31. hxg5 Kxf5 32. gxf6 Kxf6
33. Be3 h5 34. Ke2 Ke6 35. Kd2 Kd5 36. Kc3 b4+ 37. Kd2 Be7 38. g3 h4 39.
gxh4 Bxh4 40. Kc2 Be7 41. Kd2 a5 42. b3 Bc5 43. Ke2 Bd4 44. Kd2 Ke6 45. Ke2
Kf5 46. Kd2 Kg4 47. Ke2 Bxe3 48. Kxe3 Kf5 49. Kd2 Kf4 50. Ke2 e3 51. fxe3+
Kg3 52. Kd2 e4 53. Ke2 Kg2 54. Ke1 Kf3 55. Kd2 Kf2 {White resigns} 0-1

[Event "ICC tourney 1953 (60 10)"]
[Site "Internet Chess Club"]
[Date "2020.08.09"]
[Round "9"]
[White "savchess06"]
[Black "rjc64uk"]
[Result "1-0"]
[ICCResult "Black resigns"]
[WhiteElo "2114"]
[BlackElo "2082"]
[Opening "French: MacCutcheon variation"]
[ECO "C12"]
[NIC "FR.05"]
[Time "18:36:28"]
[TimeControl "3600+10"]

1. e4 e6 2. d4 d5 3. Nc3 Nf6 4. Bg5 Bb4 5. exd5 Qxd5 6. Nf3 Bxc3+ 7. bxc3
Ne4 8. Bd2 Nxd2 9. Qxd2 O-O 10. Bd3 c5 11. O-O Rd8 12. Qf4 h6 13. Be4 Qd7
14. dxc5 Na6 15. Ne5 Qc7 16. Rad1 Rf8 17. Rfe1 Nxc5 18. Bf3 Rb8 19. Qh4 Nd7
20. Qe7 Qc5 21. Rxd7 Qxc3 22. Rdd1 f6 23. Ng6 {Black resigns} 1-0

[Event "ICC tourney 1953 (60 10)"]
[Site "Internet Chess Club"]
[Date "2020.08.09"]
[Round "9"]
[White "noki101"]
[Black "AlexW2007"]
[Result "1-0"]
[ICCResult "Black resigns"]
[WhiteElo "2067"]
[BlackElo "2169"]
[Opening "Réti: King's Indian attack (Barcza system)"]
[ECO "A07"]
[NIC "QP.09"]
[Time "18:35:36"]
[TimeControl "3600+10"]

1. Nf3 d5 2. g3 Nf6 3. Bg2 Bf5 4. O-O c6 5. d3 h6 6. Nbd2 e6 7. Re1 Be7 8.
b3 O-O 9. Bb2 Bh7 10. c4 c5 11. Ne5 Qc7 12. cxd5 exd5 13. Rc1 Qa5 14. a3 Rd8
15. d4 cxd4 16. b4 Qb6 17. Nb3 Nc6 18. Nxc6 bxc6 19. Bxd4 Qa6 20. Na5 Rac8
21. Bh3 Rc7 22. Qa4 c5 23. Bxc5 Bxc5 24. Rxc5 Rxc5 25. bxc5 Ne4 26. c6 Qb6
27. Rf1 Nc3 28. Qb4 Nxe2+ 29. Kh1 Be4+ 30. Bg2 Bxg2+ 31. Kxg2 Qxb4 32. axb4
d4 33. Rd1 d3 34. b5 Nd4 35. Rxd3 Nxc6 36. Rxd8+ Nxd8 37. Nc6 Nb7 38. Nxa7
Kf8 39. Nc6 Ke8 40. Kf3 Kd7 41. Kf4 Nd6 42. Nd4 Nc4 43. Nf5 Ke6 44. Nxg7+
Kf6 45. Ne8+ Kg6 46. Nc7 f6 47. Nd5 {Black resigns} 1-0

[Event "ICC tourney 1953 (60 10)"]
[Site "Internet Chess Club"]
[Date "2020.08.09"]
[Round "9"]
[White "Segev"]
[Black "InfernoKing"]
[Result "1/2-1/2"]
[ICCResult "Game drawn by mutual agreement"]
[WhiteElo "2172"]
[BlackElo "2132"]
[Opening "King's Indian: 5.Nf3"]
[ECO "E90"]
[NIC "KI.20"]
[Time "18:35:47"]
[TimeControl "3600+10"]

1. d4 Nf6 2. c4 g6 3. Nc3 Bg7 4. e4 d6 5. Nf3 O-O 6. h3 e5 7. d5 Nh5 8. g3
f5 9. exf5 gxf5 10. Bg5 Qe8 11. Qd2 Na6 12. O-O-O Nc5 13. Nh4 a5 14. Bh6 Bd7
15. Qg5 Qf7 16. Be2 Qf6 17. Qxf6 Nxf6 18. Bxg7 Kxg7 19. Rde1 Nfe4 20. Nxe4
Nxe4 21. Rh2 f4 22. g4 Nc5 23. f3 Rae8 24. Bf1 e4 25. fxe4 Nxe4 26. Rhe2 Ng3
27. Rxe8 Rxe8 28. Rxe8 Bxe8 29. Bd3 Bg6 30. Bxg6 hxg6 31. Nf3 Kf6 32. Kd2
Ne4+ 33. Ke2 Nc5 {Game drawn by mutual agreement} 1/2-1/2